 Dungeon Crawl Stone Soup version 0.30-a0-359-gd0147acb1a (webtiles) character file.

Game seed: 3268576428718467061

14 oldriver the Ruffian (level 2, 0/28 HPs)
             Began as an Ogre Transmuter on Nov 11, 2022.
             Slain by a quokka (2 damage)
             ... on level 1 of the Dungeon.
             The game lasted 00:00:48 (123 turns).

oldriver the Ruffian (Ogre Transmuter)               Turns: 123, Time: 00:00:49

Health: 0/28       AC:  3    Str: 13    XL:     2   Next: 41%
Magic:  5/5        EV:  9    Int: 14    God:
Gold:   0          SH:  0    Dex:  9    Spells: 5/6 levels left

rFire   . . .      SeeInvis .      - Unarmed
rCold   . . .      Faith    .    (no shield)
rNeg    . . .      Spirit   .    a - +0 robe
rPois   .          Reflect  .    (helmet restricted)
rElec   .          Harm     .    (no cloak)
rCorr   .          Rampage  .    (gloves unavailable)
Will    .....                    (boots unavailable)
Stlth   +.........               (no amulet)
HPRegen 0.24/turn                (no ring)
MPRegen 0.09/turn                (no ring)

@: no status effects
A: large, unfitting armour, tough skin 1
a: no special abilities


You were on level 1 of the Dungeon.
You visited 1 branch of the dungeon, and saw 1 of its levels.

Inventory:

Armour
 a - a +0 robe (worn)
Potions
 b - a potion of lignification


   Skills:
 + Level 1.9 Fighting
 - Level 1.9 Dodging
 - Level 2.8 Unarmed Combat
 + Level 2.6 Spellcasting
 * Level 2.0 Transmutations


You had 5 spell levels left.
You knew the following spells:

 Your Spells              Type           Power      Damage    Failure   Level
a - Beastly Appendage     Tmut           14%        N/A       10%         1

Your spell library contained the following spells:

 Spells                   Type           Power      Damage    Failure   Level
 Wereblood                Tmut           7%         N/A       14%         2
 Spider Form              Tmut/Pois      4%         N/A       41%         3
 Ice Form                 Ice/Tmut       4%         N/A       82%         4


Dungeon Overview and Level Annotations

Branches:
Dungeon (1/15)

Altars:


Innate Abilities, Weirdness & Mutations

You are too large for most types of armour.
You have tough skin. (AC +1)


Message History

You are too injured to fight recklessly!
You barely miss the quokka. Your kick misses the quokka.
The quokka is moderately wounded.
The bat closely misses you. The quokka bites you.
The quokka bites you but does no damage.
The rat bites you.
* * * LOW HITPOINT WARNING * * *
You barely miss the quokka.
The quokka is moderately wounded.
The quokka bites you but does no damage.
The quokka closely misses you. The rat bites you but does no damage.
The bat barely misses you.
You closely miss the quokka. Your kick misses the quokka.
The quokka is moderately wounded.
Your horns disappear.
Your talons disappear.
The bat hits you but does no damage. The quokka barely misses you.
The quokka bites you.
* * * LOW HITPOINT WARNING * * *
The rat closely misses you.
You hit the rat.
You kill the rat!
The bat hits you but does no damage. The quokka barely misses you. x2
The bat hits you.
* * * LOW HITPOINT WARNING * * *
The quokka barely misses you.
The quokka bites you but does no damage.
The quokka bites you.
* * * LOW HITPOINT WARNING * * *
You see here a frilled lizard corpse.
You barely miss the quokka.
The quokka is moderately wounded.
The quokka closely misses you.
The quokka bites you but does no damage.
The quokka barely misses you.
You hit the quokka but do no damage.
The quokka is moderately wounded.
The bat closely misses you.
The quokka bites you but does no damage.
The quokka bites you.
You die...

#########
#.......########.
#................
#.................
#####...............>.
##...............=......
#.......................
#..............b......!.
###†............@.........
#......†.....##rr)........
.............#...†##......
.♣..............##........
_..#......................
.♣........................
...........####.......##.#
...##.#.#..# #.......... .
..#...#.##. #..........[


You could see 2 quokkas and a bat.

Vanquished Creatures
  A dart slug (D:1)
  2 ball pythons (D:1)
  An endoplasm (D:1)
  A goblin (D:1)
  A hobgoblin (D:1)
  A quokka (D:1)
  A frilled lizard (D:1)
  3 rats (D:1)
11 creatures vanquished.

Notes
Turn   | Place    | Note
-------+----------+-------------------------------------------
     0 | D:1      | oldriver the Ogre Transmuter began the quest for the Orb.
     0 | D:1      | Reached XP level 1. HP: 19/19 MP: 3/3
    54 | D:1      | Found a faded altar of an unknown god.
    77 | D:1      | Reached XP level 2. HP: 25/28 MP: 5/5
   123 | D:1      | Slain by a quokka

Illustrated notes

Levels and vault maps discovered:
D:1:      lemuel_arrival_behind_the_door_small, layout_rooms,
          chequers_ecumenical_altar_simple, hangedman_decor_riveting,
          minmay_split_cup_small

Skill      XL: |  1  2 |
---------------+-------+-----
Transmutations | 2 |  2.0
Fighting       | |  1.9
Dodging        | |  1.9
Unarmed Combat | |  2.8
Spellcasting   | |  2.6

Action                   || total
-------------------------++-------
Melee: Unarmed           ||    28
       Headbutt          ||     2
       Punch             ||     1
       Kick              ||     2
 Cast: Beastly Appendage ||     5
Armor: Robe              ||    22
Dodge: Dodged            ||    33

Table legend: (Time is in decaauts)
 A = Elapsed time spent in this place.
 B = Non-inter-level travel time spent in this place.
 C = Inter-level travel time spent in this place.
 D = Time resting spent in this place.
 E = Time spent auto-exploring this place.
 F = Levels seen in this place.
 G = Mean time per level.
                   A        B        C        D        E       F      G
               +--------+--------+--------+--------+--------+-----+--------+
         Total |    121 |    121 |      0 |      0 |     66 |   1 |  121.0 |
       Dungeon |    121 |    121 |      0 |      0 |     66 |   1 |  121.0 |
               +--------+--------+--------+--------+--------+-----+--------+

Top non-repeatable levels by time:
     D:1: 121 daAuts
